 Dungeon Crawl Stone Soup version 0.23.2-1-ga50397a6bc (webtiles) character file.

Game seed: 16681361074325865975

71 Gumption the Chiller (level 4, -10/48 HPs)
             Began as a Merfolk Ice Elementalist on May 29, 2019.
             Killed by divine providence
             ... invoked by an orc priest
              (12 damage)
             ... on level 3 of the Dungeon.
             The game lasted 00:25:04 (2603 turns).

Gumption the Chiller (Merfolk Ice Elementalist)     Turns: 2603, Time: 00:25:04

Health: -10/48     AC: 22    Str:  8    XL:     4   Next: 24%
Magic:  1/7        EV:  2    Int: 15    God:
Gold:   75         SH:  0    Dex: 14    Spells: 1/7 levels left

rFire    . . .     SeeInvis .   w - +0 spear
rCold    . . .     Gourm    .   (no shield)
rNeg     + + +     Faith    .   (armour currently unavailable)
rPois    +         Spirit   .   (helmet currently unavailable)
rElec    .         Reflect  .   (cloak currently unavailable)
rCorr    .         Harm     .   (gloves currently unavailable)
MR       .....     NoTele   +   (boots currently unavailable)
Stlth    ++........             (no amulet)
HPRegen  0.16/turn              m - ring of poison resistance
MPRegen  0.10/turn              (no ring)

@: tree-form, very slightly contaminated
A: (change form in water), (swift swim), (stealthy swim), MP-powered wands
a: no special abilities


You were on level 3 of the Dungeon.
You were not hungry.
You were a tree.
You visited 1 branch of the dungeon, and saw 3 of its levels.

You collected 75 gold pieces.

Inventory:

Hand Weapons
 a - a +0 dagger
 w - a +0 spear (weapon)
Missiles
 b - 48 stones (quivered)
Armour
 c - a +0 robe
 o - a +0 leather armour (melded)
Jewellery
 m - a ring of poison resistance (left branch)
Scrolls
 d - 2 scrolls of teleportation {unknown}
 f - a scroll of magic mapping
 h - a scroll of remove curse
 j - a scroll of fog {unknown}
 k - a scroll of blinking {unknown}
 l - 2 scrolls of identify {unknown}
Comestibles
 e - 5 rations


   Skills:
 + Level 1.4 Fighting
 + Level 1.3 Polearms
 - Level 2.6 Dodging
 - Level 2.1 Stealth
 + Level 2.4 Spellcasting
 * Level 1.5 Conjurations
 * Level 4.2 Ice Magic


You had one spell level left.
You knew the following spells:

 Your Spells              Type           Power        Failure   Level  Hunger
a - Freeze                Ice            ##..         3%          1    #......
b - Ozocubu's Armour      Chrm/Ice       #.......     26%         3    ###....
c - Throw Frost           Conj/Ice       ##....       10%         2    ###....

Your spell library contained the following spells:

 Spells                   Type           Power        Failure   Level  Hunger
 Throw Icicle             Conj/Ice       ##......     54%         4    #####..
 Summon Ice Beast         Ice/Summ       #.......     65%         4    #####..


Dungeon Overview and Level Annotations

Branches:
Dungeon (3/15)

Altars:
Ru


Innate Abilities, Weirdness & Mutations

((You revert to your normal form in water))
((You are very nimble and swift while swimming.))
((You are very stealthy in the water. (Stealth+)))
((You are resistant to electric shocks. (rElec)))
You expend magic power (3 MP) to strengthen your wands.


Message History

You barely miss the adder.
The adder is severely wounded.
The bat hits you but does no damage. The adder barely misses you.
It was a potion of mutation.
You feel extremely strange.
You feel frail.
You feel robust.
You feel your magical essence link to your wands.
You feel insulated. The orc barely misses you. The adder bites you.
* * * LOW HITPOINT WARNING * * *
The orc priest barely misses you. The bat closely misses you.
The orc hits you but does no damage.
Okay, then.
It was a potion of lignification.
You turn into a tree.
Your +0 leather armour melds into your body.
Your roots penetrate the ground.
The adder is no longer moving slowly.
The bat hits you but does no damage. The orc hits you but does no damage.
The adder bites you but does no damage.
The orc priest calls down the wrath of Beogh upon you.
Beogh smites you!
You die...

########## #.......>#
#..)?....# . #....o.o.#
.. ####.##..## ....
#o###o.#### ...[.
#######[###......
......##o....#..(..#...#
......#♣o.(.....#####..#
.......So.......# #.#
...........###### .#
..####b>...# # #.....#
#.....# ##.....#
##......# ........#


You could see an orc priest, an adder, 2 orcs and a bat.

Vanquished Creatures
  2 adders (D:2)
  2 worms (D:2)
  2 orcs (D:3)
  7 bats
  5 giant cockroaches
  5 goblins
  4 hobgoblins (D:2)
  3 jackals (D:2)
  3 frilled lizards
  4 kobolds
  7 rats
44 creatures vanquished.

Notes
Turn   | Place    | Note
-------+----------+-------------------------------------------
     0 | D:1      | Gumption the Merfolk Ice Elementalist began the quest for
                  | the Orb.
     0 | D:1      | Reached XP level 1. HP: 13/13 MP: 3/3
   449 | D:1      | Reached XP level 2. HP: 20/20 MP: 5/5
   453 | D:1      | Learned a level 2 spell: Throw Frost
  1216 | D:2      | Reached skill level 1 in Conjurations
  1333 | D:2      | Found a sacrificial altar of Ru.
  1499 | D:2      | Reached XP level 3. HP: 22/25 MP: 6/6
  1504 | D:2      | Learned a level 3 spell: Ozocubu's Armour
  1511 | D:2      | Reached skill level 1 in Fighting
  1840 | D:2      | Reached skill level 4 in Ice Magic
  2035 | D:2      | Reached skill level 1 in Polearms
  2188 | D:2      | Reached XP level 4. HP: 28/32 MP: 3/7
  2602 | D:3      | Gained mutation: You are frail. (-10% HP) [potion of
                  | mutation]
  2602 | D:3      | Lost mutation: You are frail. (-10% HP) [potion of
                  | mutation]
  2602 | D:3      | Gained mutation: You expend magic power (3 MP) to
                  | strengthen your wands. [potion of mutation]
  2602 | D:3      | Gained mutation: You are resistant to electric shocks.
                  | (rElec) [potion of mutation]
  2602 | D:3      | HP: 1/32 [adder (1)]
  2603 | D:3      | Killed from afar by an orc priest

Skill      XL: |  1  2  3 |
---------------+----------+-----
Conjurations   | 1 |  1.5
Fighting       | 1 |  1.4
Ice Magic      | 4 |  4.2
Polearms       | 1 |  1.3
Dodging        | |  2.6
Stealth        | |  2.1
Spellcasting   | |  2.4

Action                   |  1- 3 |  4- 6 || total
-------------------------+-------+-------++-------
Melee: Dagger            |     9 |       ||     9
       Spear             |    78 |    36 ||   114
Throw: Stone             |    53 |     4 ||    57
 Cast: Freeze            |    28 |    15 ||    43
       Throw Frost       |     1 |       ||     1
  Use: Scroll            |     2 |       ||     2
       Potion            |       |     2 ||     2
 Stab: Sleeping          |     4 |       ||     4
  Eat: Chunk             |     4 |     2 ||     6
Armor: Robe              |    15 |     4 ||    19
       Leather armour    |       |    40 ||    40
       Skin              |       |     3 ||     3
Dodge: Dodged            |    60 |    76 ||   136
